 Dungeon Crawl Stone Soup version 0.31-a0-632-g766dd24fdf (webtiles) character file.

Game seed: 7836867071064940349

1923 dialectric the Cudgeller (level 9, -1/47 HPs)
             Began as a Vine Stalker Fighter on Aug 26, 2023.
             Slain by a komodo dragon (23 damage)
             ... on level 8 of the Dungeon.
             The game lasted 00:07:03 (5221 turns).

dialectric the Cudgeller (Vine Stalker Fighter)     Turns: 5221, Time: 00:07:04

Health: -1/47      AC:  9    Str: 23    XL:     9   Next: 17%
Magic:  0/10       EV: 10    Int:  8    God:
Gold:   372        SH:  0    Dex: 14    Spells: 8/8 levels left

rFire   . . .        k - +2 flail (venom)
rCold   . . .        (no shield)
rNeg    . . .        b - +0 scale mail
rPois   .            (no helmet)
rElec   .            v - +0 cloak
rCorr   .            (no gloves)
SInv    .            (no boots)
Will    +....        (no amulet)
Stlth   +            (no ring)
HPRegen 1.07/turn    (no ring)
MPRegen 0.12/turn

%: guardian spirit
@: no status effects
A: fangs 3, regeneration 1, magic shield, antimagic bite, no potion heal 2
a: no special abilities


You were on level 8 of the Dungeon.
You visited 2 branches of the dungeon, and saw 9 of its levels.

You collected 405 gold pieces.
You spent 33 gold pieces at shops.

Inventory:

Hand Weapons
 k - a +2 flail of venom (weapon)
Missiles
 u - 14 poisoned darts
Armour
 b - a +0 scale mail (worn)
 c - a +0 buckler
 r - a +1 hat
 v - a +0 cloak (worn)
Jewellery
 i - a ring of resist corrosion
 x - an amulet of faith
 A - an amulet of reflection
Talismans
 d - a maw talisman
Wands
 y - a wand of polymorph (14)
 B - a wand of mindburst (11)
 D - a wand of flame (15)
Scrolls
 e - 3 scrolls of teleportation
 g - 2 scrolls of amnesia
 m - 3 scrolls of enchant weapon
 q - 3 scrolls of noise
 s - 5 scrolls of identify
 t - 4 scrolls of immolation
 z - a scroll of fear
Potions
 a - a potion of ambrosia {unknown}
 f - a potion of lignification {unknown}
 h - a potion of mutation {unknown}
 j - 3 potions of attraction {unknown}
 l - 2 potions of enlightenment
 n - 2 potions of curing {unknown}
 o - a potion of haste {unknown}
 p - a potion of invisibility
 w - 2 potions of heal wounds {unknown}
 C - a potion of might


   Skills:
 + Level 5.1 Fighting
 + Level 7.0 Maces & Flails
 + Level 6.6 Armour
 + Level 2.0 Stealth
 - Level 2.6 Shields


You had 8 spell levels left.
You didn't know any spells.
Your spell library contained the following spells:

 Spells                   Type           Power      Damage    Failure   Level
 Sandblast                Erth           0%         2d4       69%         1
 Passwall                 Tmut/Erth      0%         N/A       83%         2
 Call Canine Familiar     Summ           0%         N/A       96%         3
 Portal Projectile        Hex/Tloc       0%         N/A       96%         3
 Stone Arrow              Conj/Erth      0%         3d7       96%         3
 Summon Guardian Golem    Hex/Summ       0%         N/A       96%         3
 Leda's Liquefaction      Hex/Erth       0%         N/A       100%        4
 Iskenderun's Battlesphe  Conj           0%         2d6       100%        5
 Leda's Unmaking          Conj/Erth      0%         9d1       100%        6
 Orb of Destruction       Conj           0%         9d5       100%        7
 Spellforged Servitor     Conj/Summ      0%         N/A       100%        7
 Chain Lightning          Conj/Air       0%         N/A       100%        9
 Fire Storm               Conj/Fire      0%         5d1       100%        9
 Shatter                  Erth           0%         3d5*      100%        9


Dungeon Overview and Level Annotations

Branches:
Dungeon (8/15)             Temple (1/1) D:4
   Lair: D:8-11

Altars:
Elyvilon
Fedhas
Gozag
Kikubaaqudgha
Makhleb
Qazlal
Wu Jian
Zin
The Shining One

Shops:
D:2 [   D:4 (*(   D:6 ?   D:8 *

Annotations:
D:6 3 runed translucent doors, KarmaKiller's ghost, novice NaSh


Innate Abilities, Weirdness & Mutations

You have razor-sharp teeth.
Your natural rate of healing is unusually fast.
When hurt, damage is shared between your health and your magic reserves.
Your bite disrupts and absorbs the magic of your enemies.
Potions cannot restore your health.


Message History

The gnoll bouda is severely wounded.
The gnoll bouda prays to its god.
The gnoll bouda is healed somewhat.
The gnoll hits you from afar with a +0 spear.
You sock the gnoll bouda!
You kill the gnoll bouda!
The gnoll hits you from afar with a +0 spear.
Unknown command.
The gnoll hits you with a +0 spear.
Items here: )) [ †.
You sock the gnoll!
The gnoll is almost dead.
The gnoll closely misses you.
You barely miss the gnoll. You bite the gnoll.
You kill the gnoll!
Things that are here:
a +0 spear; a gnoll corpse
Things that are here:
a +0 club; a gnoll corpse You now have 372 gold pieces (gained 11).
s - 5 scrolls of identify (gained 1)
A komodo dragon comes into view.
The komodo dragon hisses angrily.
You see here a +0 heavy quarterstaff.
A komodo dragon is nearby!
A komodo dragon is nearby!
A komodo dragon is nearby!
The komodo dragon closely misses you.
A komodo dragon is nearby!
You sock the komodo dragon!
The komodo dragon is poisoned.
You bite the komodo dragon, but do no damage.
The komodo dragon is moderately wounded.
The komodo dragon bites you!! The komodo dragon bites you.
You are too injured to fight recklessly!
You are too injured to fight recklessly!
You are too injured to fight recklessly!
You barely miss the komodo dragon. Your bite misses the komodo dragon.
The komodo dragon is moderately wounded.
The komodo dragon bites you!!
You die...

#.# #.# #.#
#.# .... #.#
...... #.#
...... #l#
?.....#####@#
..........#.#
.........#.#
#......+)#
#......#.#
#...)..#.#
##+#)."..#
#.#)###.#
#.#)# ....


You could see a komodo dragon (very poisoned).

Vanquished Creatures
  Sigmund (D:6)
  3 sky beasts
  An ice beast (D:5)
  2 ogres
  2 kobold brigands
  A phantom (D:6)
  2 scorpions (D:4)
  2 howler monkeys (D:6)
  3 hounds
  A jelly (D:6)
  3 orc priests (D:4)
  2 gnoll boudas
  2 sleepcaps
  Jessica (D:3)
  4 iguanas
  Robin (D:1)
  17 gnolls
  5 adders
  2 white imps
  4 ufetubi
  2 worms (D:2)
  2 dart slugs
  10 orcs
  5 ball pythons
  8 endoplasms
  4 giant cockroaches
  12 hobgoblins
  4 jackals (D:3)
  23 kobolds
  4 quokkas
  A bat (D:1)
  3 frilled lizards
  8 goblins
  7 rats
152 creatures vanquished.

Notes
Turn   | Place    | Note
-------+----------+-------------------------------------------
     0 | D:1      | dialectric the Vine Stalker Fighter began the quest for the
                  | Orb.
     0 | D:1      | Reached XP level 1. HP: 11/11 MP: 2/2
    49 | D:1      | Reached XP level 2. HP: 13/16 MP: 3/3
    88 | D:1      | Reached skill level 2 in Maces & Flails
   459 | D:1      | Reached XP level 3. HP: 19/20 MP: 4/4
   777 | D:2      | Noticed Robin
   908 | D:1      | Killed Robin
   981 | D:2      | Gained mutation: Your natural rate of healing is unusually
                  | fast. [Vine Stalker growth]
   981 | D:2      | Reached XP level 4. HP: 24/24 MP: 5/5
  1011 | D:2      | Found Fyci's Armour Shop.
  1196 | D:2      | Reached skill level 3 in Maces & Flails
  1204 | D:2      | HP: 1/24 [gnoll/+1 heavy flail (7)]
  1270 | D:2      | Reached XP level 5. HP: 28/28 MP: 6/6
  1605 | D:3      | Noticed Jessica
  1610 | D:3      | Killed Jessica
  1659 | D:3      | Found an opulent altar of Gozag.
  2045 | D:3      | Found a glowing silver altar of Zin.
  2045 | D:3      | Found a glowing golden altar of the Shining One.
  2150 | D:3      | Found a white marble altar of Elyvilon.
  2262 | D:4      | Found a staircase to the Ecumenical Temple.
  2270 | D:4      | Reached XP level 6. HP: 32/32 MP: 7/7
  2274 | Temple   | Entered the Ecumenical Temple
  2341 | D:4      | Found Wocrah's General Store.
  2370 | D:4      | Found Syelot's Weapon Shop.
  2376 | D:4      | Reached skill level 4 in Maces & Flails
  2763 | D:5      | Entered Level 5 of the Dungeon
  2867 | D:5      | Found an ancient bone altar of Kikubaaqudgha.
  2870 | D:5      | Noticed an ice beast
  2890 | D:5      | Killed an ice beast
  2891 | D:5      | Reached XP level 7. HP: 15/37 MP: 8/8
  3046 | D:5      | Reached skill level 5 in Maces & Flails
  3615 | D:4      | Found Oriafel's Antique Weapon Emporium.
  3685 | D:4      | Reached skill level 5 in Armour
  3772 | D:4      | Gained mutation: You have razor-sharp teeth. [Vine Stalker
                  | growth]
  3772 | D:4      | Reached XP level 8. HP: 42/42 MP: 9/9
  3987 | D:6      | Found a burning altar of Makhleb.
  3988 | D:6      | Found a blossoming altar of Fedhas.
  3994 | D:6      | Noticed Sigmund
  4000 | D:6      | Killed Sigmund
  4001 | D:6      | Reached skill level 1 in Stealth
  4038 | D:6      | Found Defunnitt's Magic Scroll Boutique.
  4047 | D:6      | Bought a scroll of teleportation for 33 gold pieces
  4070 | D:6      | Found a stormy altar of Qazlal.
  4159 | D:6      | Reached skill level 6 in Maces & Flails
  4181 | D:6      | Found a runed translucent gate.
  4181 | D:6      | Found a runed translucent gate.
  4181 | D:6      | Found a runed translucent gate.
  4256 | D:6      | Noticed KarmaKiller's ghost (novice NaSh)
  4272 | D:6      | Found an ornate altar of the Wu Jian Council.
  4842 | D:7      | Reached XP level 9. HP: 46/46 MP: 10/10
  4847 | D:7      | Reached skill level 5 in Fighting
  4960 | D:7      | Reached skill level 7 in Maces & Flails
  5147 | D:8      | Found Toudotadgh's General Store.
  5216 | D:8      | Noticed a komodo dragon
  5221 | D:8      | Slain by a komodo dragon

Illustrated notes

Levels and vault maps discovered:
D:1:      giann_wishing_wells, layout_basic, lexackson_kobold_supper
D:2:      minmay_spotlight, layout_basic, serial_shops, shop, uniq_robin
D:3:      layout_basic, dreamdust_divine_triumvirate, grunt_gozag_breadcrumbs,
          uniq_jessica
D:4:      layout_loops_cross, temple_statues, serial_shops,
          nicolae_stop_n_shop_1, kennysheep_mini_moat,
          nicolae_shop_rolling_square
D:5:      layout_cave_pods, kiku_gazebo_garden_becter
D:6:      layout_basic, nicolae_qazlal_general_emergency,
          nicolae_wu_jian_wuxing_cycle, nicolae_overflow_hidden_temple,
          serial_shops, nicolae_shop_tiny_statue_garden, gammafunk_ghost_icy,
          uniq_sigmund
D:7:      layout_basic, nicolae_grassy_gnolls
D:8:      layout_basic, serial_shops, nicolae_shop_tiny_glass, shop, shop
Temple:   ebering_the_none_and_only

Skill      XL: |  1  2  3  4  5  6  7  8  9 |
---------------+----------------------------+-----
Fighting       | 3 4 5 |  5.1
Maces & Flails | 2 3 4 5 6 7 |  7.0
Armour         | 3 4 5 6 |  6.6
Stealth        | 1 2 |  2.0
Shields        | |  2.6

Action                     |  1- 3 |  4- 6 |  7- 9 || total
---------------------------+-------+-------+-------++-------
  Melee: Flail             |    90 |   156 |   170 ||   416
         Bite              |    19 |    31 |    50 ||   100
         Punch             |       |     3 |     2 ||     5
  Evoke: Wand              |       |       |     2 ||     2
    Use: Scroll            |     1 |     2 |     6 ||     9
         Potion            |       |     1 |       ||     1
 Armour: Scale mail        |    61 |   126 |    86 ||   273
  Dodge: Dodged            |    54 |   145 |   101 ||   300

Table legend: (Time is in decaauts)
 A = Elapsed time spent in this place.
 B = Non-inter-level travel time spent in this place.
 C = Inter-level travel time spent in this place.
 D = Time resting spent in this place.
 E = Time spent auto-exploring this place.
 F = Levels seen in this place.
 G = Mean time per level.
                   A        B        C        D        E       F      G
               +--------+--------+--------+--------+--------+-----+--------+
         Total |   5386 |   5281 |    105 |    125 |   3848 |   9 |  598.4 |
       Dungeon |   5357 |   5252 |    105 |    125 |   3848 |   8 |  669.6 |
        Temple |     29 |     29 |      0 |      0 |      0 |   1 |   29.0 |
               +--------+--------+--------+--------+--------+-----+--------+

Top non-repeatable levels by time:
     D:4: 1044 daAuts
     D:1: 944 daAuts
     D:6: 839 daAuts
     D:5: 795 daAuts
     D:2: 703 daAuts
     D:3: 618 daAuts
     D:7: 320 daAuts
     D:8: 90 daAuts
  Temple: 29 daAuts
